 Dungeon Crawl Stone Soup version 0.17-a0-1945-gfe993df (webtiles) character file.

43 ololoev the Slasher (level 3, -4/26 HPs)
             Began as a High Elf Berserker on Sept 30, 2015.
             Was a Follower of Trog.
             Slain by a sky beast (5 damage)
             ... on level 6 of the Dungeon.
             The game lasted 00:04:03 (384 turns).

ololoev the Slasher (High Elf Berserker)             Turns: 384, Time: 00:04:03

Health: -4/26      AC:  5    Str: 22    XL:     3   Next: 37%
Magic:  4/4        EV: 11    Int: 10    God:    Trog [*.....]
Gold:   47         SH:  0    Dex: 15    Spells: 0 memorised, 2 levels left

rFire  . . .     SeeInvis .     a - +0 falchion
rCold  . . .     Clarity  .     f - -2 scale mail (curse)
rNeg   . . .     SustAt   .     (no shield)
rPois  .         Gourm    .     (no helmet)
rElec  .         Spirit   .     (no cloak)
rCorr  .         Warding  .     g - +0 pair of gloves
rMut   .         Stasis   .     (no boots)
MR     .....                    (no amulet)
Stlth  ..........               (no ring)
                                (no ring)

@: mighty, exhausted, flying, slowed, very slow, not resistant to hostile
enchantments, extremely unstealthy
A: no striking features
a: Burn Spellbooks, Berserk, Renounce Religion

Inventory:

Hand weapons
 a - a +0 falchion (weapon)
Armour
 f - a cursed -2 scale mail (worn)
 g - a +0 pair of gloves (worn)
Comestibles
 c - a bread ration


   Skills:
 + Level 3.4 Fighting
 * Level 4.6 Long Blades
 + Level 2.1 Armour
 - Level 2.1 Dodging


You had 2 spell levels left.
You didn't know any spells.


You were on level 6 of the Dungeon.
You worshipped Trog.
Trog was aware of your devotion.
You were not hungry.

You visited 1 branch of the dungeon, and saw 6 of its levels.

You collected 47 gold pieces.

# ?.##.
......#######
......Y@.!..###
....#######..<#
. ###.# #.# ###

Notes
Turn   | Place    | Note
--------------------------------------------------------------
     0 | D:1      | ololoev the High Elf Berserker began the quest for the Orb.
     0 | D:1      | Reached XP level 1. HP: 16/16 MP: 2/2
   110 | D:2      | Found a shimmering altar of Xom.
   226 | D:2      | Reached XP level 2. HP: 15/21 MP: 3/3
   230 | D:2      | Reached skill level 4 in Long Blades
   343 | D:5      | Entered Level 5 of the Dungeon
   367 | D:5      | Reached XP level 3. HP: 13/26 MP: 4/4
   377 | D:6      | Noticed a sky beast
   384 | D:6      | HP: 1/26 [sky beast (3)]
   384 | D:6      | Slain by a sky beast

Dungeon Overview and Level Annotations

Branches:
Dungeon (6/15)
 Temple: D:4-7

Altars:
Xom


Message History

Your experience leads to an increase in your attributes!
Your base attributes are Str 16, Int 10, Dex 14.
Increase (S)trength, (I)ntelligence, or (D)exterity?
You feel stronger.
You feel agile.
You slash the adder zombie!
You destroy the adder zombie!
You feel a strong urge to attack something.
There is a stone staircase leading down here.
You feel your anger subside.
You are no longer berserk.
You are exhausted.
You feel yourself slow down.
You climb downwards.
Found a black potion and 23 stones.
There is a stone staircase leading up here.
A sky beast comes into view.
You see here a black potion.
The sky beast hits you. The sky beast shocks you.
Found a scroll labeled VOASTRYESTA VERHE.
You see here 23 stones.
Unknown command.
Drink which item? (? for menu, Esc to quit)
It was a potion of curing.
You feel better. The sky beast hits you. The sky beast shocks you.
Drink which item? (? for menu, Esc to quit)
It was a potion of flight.
You feel very buoyant.
You fly up into the air.
The sky beast closely misses you. The sky beast barely misses you.
Drink which item? (? for menu, Esc to quit)
It was a potion of might.
You feel very mighty all of a sudden.
The sky beast hits you but does no damage.
You slash the sky beast!
The sky beast is moderately wounded.
The sky beast barely misses you. x2
You miss the sky beast.
The sky beast is moderately wounded.
The sky beast hits you. The sky beast shocks you.
You die...

You could see a sky beast.

Vanquished Creatures
  A giant frog skeleton (D:5)
  An adder zombie (D:5)
  2 bats (D:2)
  A hobgoblin (D:1)
  A giant newt (D:4)
  3 goblins
  3 rats
12 creatures vanquished.

Action                   || total
-------------------------++-------
Melee: Falchion          ||    39
Invok: Berserk           ||     1
  Use: Potion            ||     3

Vault maps used:
D:1:      minmay_arrival_split_and_join
D:2:      lemuel_doored_altar, old_standard_altar
D:3:      minmay_goblin_kobold_castle
D:4:      serial_shops, shop, nicolae_underground_beach, uniq_natasha
D:5:      yredelemnul_altar_generic, kennysheep_mini, first_bread
D:6:      nicolae_qazlal_style_of_elements, serial_shops, nicolae_shop_crystal,
          uniq_crazy_yiuf_cottage
